 Dungeon Crawl Stone Soup version 0.29.1-2-gbd0b4ee654 (webtiles) character file.

Game seed: 7786884119056717346

7561 Araneus the Slicer (level 11, -3/54 HPs)
             Began as a Vine Stalker Brigand on Oct 1, 2022.
             Slain by an orc warrior
             ... wielding a +3 halberd
              (11 damage)
             ... in a bailey on Oct 27, 2022.
             The game lasted 00:42:58 (8690 turns).

Araneus the Slicer (Vine Stalker Brigand)           Turns: 8690, Time: 00:43:00

Health: -3/54      AC:  6    Str: 14    XL:     11   Next: 17%
Magic:  0/21       EV: 13    Int: 11    God:
Gold:   557        SH:  5    Dex: 20    Spells: 10/10 levels left

rFire   + . .      SeeInvis .   q - +5 dagger of the Onslaught {vorpal, rN+}
rCold   . . .      Faith    .   (no shield)
rNeg    + . .      Spirit   +   z - +0 ring mail
rPois   .          Reflect  +   (no helmet)
rElec   .          Harm     .   (no cloak)
rCorr   .          Rampage  .   (no gloves)
Will    +....                   (no boots)
Stlth   ++++......              o - amulet of reflection
HPRegen 0.98/turn               j - ring of magical power
MPRegen 0.17/turn               p - ring of protection from fire

@: no status effects
A: fangs 3, regeneration 1, magic shield, antimagic bite, no potion heal 2
a: no special abilities


You were in a bailey.
You visited 2 branches of the dungeon, and saw 10 of its levels.
You also visited: Ossuary and Bailey.

You collected 557 gold pieces.

Inventory:

Hand Weapons
 a - a +3 dagger
 q - the +5 dagger of the Onslaught (weapon) {vorpal, rN+}
   (You found it on level 6 of the Dungeon)

   It inflicts extra damage upon your enemies.
   rN:        It protects you from negative energy.
Missiles
 d - 21 poisoned darts (quivered)
 m - 4 curare-tipped darts
Armour
 b - the +1 scale mail of Zafoxkut {rF+++ Str-4 Dex+5}
   (You took it off an orc on level 5 of the Dungeon)

   Str:       It affects your strength (-4).
   Dex:       It affects your dexterity (+5).
   rF:        It renders you almost immune to fire.
 c - a +0 cloak
 z - a +0 ring mail (worn)
Jewellery
 j - a ring of magical power (left hand)
 o - an amulet of reflection (around neck)
 p - a ring of protection from fire (right hand)
 v - a ring of fire
Wands
 i - a wand of iceblast (15)
 r - a wand of digging (6)
Scrolls
 f - a scroll of blinking
 l - a scroll of enchant weapon
 n - a scroll of fog
 u - a scroll of summoning
Potions
 e - 4 potions of might
 g - a potion of mutation
 h - 3 potions of brilliance
 k - 2 potions of magic
 s - a potion of flight {unknown}
 t - 2 potions of cancellation
 w - a potion of curing
 x - 2 potions of haste
 A - a potion of resistance {unknown}
 B - a potion of berserk rage {unknown}
 C - a potion of invisibility


   Skills:
 + Level 4.6 Fighting
 + Level 8.6 Short Blades
 - Level 6.0 Throwing
 * Level 7.2 Armour
 + Level 5.1 Dodging
 + Level 8.2 Stealth


You had 10 spell levels left.
You didn't know any spells.
Your spell library contained the following spells:

 Spells                   Type           Power      Damage    Failure   Level
 Summon Small Mammal      Summ           0%         N/A       54%         1
 Call Canine Familiar     Summ           0%         N/A       89%         3
 Gell's Gravitas          Tloc           0%         N/A       89%         3
 Lesser Beckoning         Tloc           0%         N/A       89%         3
 Summon Guardian Golem    Hex/Summ       0%         N/A       89%         3
 Teleport Other           Tloc           0%         N/A       89%         3
 Dispersal                Tloc           0%         N/A       100%        6
 Disjunction              Tloc           0%         N/A       100%        8


Dungeon Overview and Level Annotations

Branches:
Dungeon (9/15)             Temple (1/1) D:4         Ossuary (visited)
 Bailey (1/1)
   Lair: D:8-11         Orc: D:9-12

Altars:
Ashenzari
Cheibriados
Dithmenos
Elyvilon
Fedhas
Gozag
Hepliaklqana
Kikubaaqudgha
Makhleb
Nemelex Xobeh
Okawaru
Qazlal
Ru
Sif Muna
Trog
Uskayaw
Vehumet
Wu Jian
Xom
Yredelemnul
Zin
The Shining One


Innate Abilities, Weirdness & Mutations

You have razor-sharp teeth.
Your natural rate of healing is unusually fast.
When hurt, damage is shared between your health and your magic reserves.
Your bite disrupts and absorbs the magic of your enemies.
Potions cannot restore your health.


Message History

The orc warrior shouts!
Throw: 26 darts (poison)
Press: ? - help, Q - select action, (/) - cycle Shift-Dir - straight line, f/p - orc knight
Aim: an orc knight, wielding a +0 halberd and wearing a +0 ring mail (61% to hit)
You throw a poisoned dart. The poisoned dart hits the orc warrior.
The orc warrior hits you from afar with a +0 halberd!!
The orc warrior hits you from afar with a +3 halberd!!
There is an open gate here.
Throw: 25 darts (poison)
Press: ? - help, Q - select action, (/) - cycle Shift-Dir - straight line, f/p - orc knight
Aim: an orc knight, wielding a +0 halberd and wearing a +0 ring mail (61% to hit)
You throw a poisoned dart.
The poisoned dart barely misses the orc warrior.
The poisoned dart hits the orc knight!
The orc knight is poisoned.
The orc warrior barely misses you. x2; The orc warrior misses you.
Throw: 24 darts (poison)
Press: ? - help, Q - select action, (/) - cycle Shift-Dir - straight line, f/p - orc knight
Aim: an orc knight, wielding a +0 halberd and wearing a +0 ring mail (lightly wounded, very poisoned, 61% to hit)
You throw a poisoned dart. The poisoned dart hits the orc warrior.
The orc warrior barely misses you. The orc warrior misses you.
The orc warrior hits you from afar with a +0 halberd!
* * * LOW HITPOINT WARNING * * *
The orc warrior barely misses you.
Throw: 23 darts (poison)
Press: ? - help, Q - select action, (/) - cycle Shift-Dir - straight line, f - orc warrior, p - orc knight
Aim: an orc warrior, wielding a +3 halberd and wearing a +0 ring mail (heavily wounded, poisoned, 61% to hit)
You throw a poisoned dart. The poisoned dart hits the orc warrior!
The orc warrior looks even sicker.
The orc warrior is heavily wounded.
Throw: 22 darts (poison)
Press: ? - help, Q - select action, (/) - cycle Shift-Dir - straight line, f/p - orc warrior
Aim: an orc warrior, wielding a +3 halberd and wearing a +0 ring mail (severely wounded, very poisoned, 61% to hit)
You throw a poisoned dart.
The poisoned dart closely misses the orc warrior.
The poisoned dart hits the orc warrior!
The orc warrior is poisoned.
The orc warrior no longer looks unusually strong. x2
The orc warrior hits you from afar with a +0 halberd!
* * * LOW HITPOINT WARNING * * *
The orc warrior hits you from afar with a +3 halberd!
You die...

##### ####### ####
.....#########.....## ##...
......#.....#.......######....
...#..'...!.'...##..#)...#....
..(.(.(.oo)o'....8.))....'....
...#..'.!ooo'@..##..#.)..#)...
..(.()#...oo#.......######....
.(...#########.....## ##..)
##### ####### ####


You could see an orc knight (very poisoned), 5 orc warriors and 2 orcs.

Vanquished Creatures
  Erica (D:8)
  Pikel (D:5)
  The ghost of kalagan the Conjurer, a novice DECj (D:5)
  A troll (D:8)
  Prince Ribbit (D:5)
  Sigmund (D:5)
  A wraith (D:8)
  Eustachio (D:5)
  12 yaks (D:8)
  A vampire mosquito (D:8)
  Menkaure (D:5)
  2 water moccasins
  A sky beast (D:8)
  5 orc warriors
  A black bear (D:7)
  3 centaurs
  3 kobold brigands
  3 lemures
  A phantom (D:5)
  The ghost of TeapotKnight the Gusty, an amateur TeAE (D:3)
  Blork the orc (D:6)
  A scorpion (D:5)
  2 bullfrogs
  2 necrophages (D:6)
  3 wights (D:6)
  9 killer bees
  A howler monkey (D:9)
  2 centaur zombies (Ossuary)
  6 orc priests
  4 hounds
  2 jellies (D:6)
  A human zombie (Ossuary)
  Jessica (D:2)
  An iguana (D:4)
  7 orc wizards
  4 mummies (Ossuary)
  9 gnolls
  7 adders
  A river rat (D:3)
  A shadow imp (D:6)
  2 ufetubi (D:5)
  A worm (D:3)
  4 dart slugs
  60 orcs
  A bat (D:1)
  6 endoplasms
  2 giant cockroaches
  2 gnoll zombies (Ossuary)
  10 goblins
  5 hobgoblins
  3 jackals
  3 quokkas
  7 ball pythons
  4 frilled lizards (D:2)
  2 goblin zombies (Ossuary)
  14 kobolds
  An orc zombie (Ossuary)
  4 rats
238 creatures vanquished.

Vanquished Creatures (others)
  A rat (D:3)
1 creature vanquished.

Grand Total: 239 creatures vanquished

Notes
Turn   | Place    | Note
-------+----------+-------------------------------------------
     0 | D:1      | Araneus the Vine Stalker Brigand began the quest for the
                  | Orb.
     0 | D:1      | Reached XP level 1. HP: 11/11 MP: 2/2
   130 | D:1      | Reached skill level 5 in Stealth
   257 | D:1      | Reached skill level 1 in Dodging
   378 | D:1      | Reached XP level 2. HP: 9/15 MP: 3/3
   899 | D:1      | Found a faded altar of an unknown god.
  1255 | D:2      | Noticed Jessica
  1260 | D:2      | Killed Jessica
  1261 | D:2      | Reached XP level 3. HP: 14/18 MP: 4/4
  1456 | D:2      | Gained mutation: Your natural rate of healing is unusually
                  | fast. [Vine Stalker growth]
  1456 | D:2      | Reached XP level 4. HP: 23/23 MP: 5/5
  2250 | D:3      | Found a runed translucent door.
  2308 | D:3      | Found a runed translucent door.
  2309 | D:3      | Noticed TeapotKnight's ghost (amateur TeAE)
  2574 | D:3      | Reached XP level 5. HP: 24/26 MP: 6/6
  2682 | D:3      | Killed TeapotKnight's ghost
  2832 | D:4      | Reached skill level 5 in Short Blades
  2871 | D:4      | Found a staircase to the Ecumenical Temple.
  2953 | D:4      | Reached XP level 6. HP: 18/30 MP: 7/7
  3156 | Temple   | Entered the Ecumenical Temple
  4112 | D:5      | Entered Level 5 of the Dungeon
  4187 | D:5      | Reached XP level 7. HP: 11/34 MP: 5/8
  4310 | D:5      | Found a runed translucent gate.
  4362 | D:5      | Noticed Eustachio
  4397 | D:5      | Killed Eustachio
  4429 | D:5      | Reached skill level 1 in Armour
  4533 | D:5      | Found a runed translucent gate.
  4534 | D:5      | Found a runed translucent gate.
  4538 | D:5      | Noticed kalagan's ghost (novice DECj)
  4554 | D:5      | Identified the +5 whip of Bobaff {antimagic, *Corrode
                  | +Blink rC+ rN+}
  4554 | D:5      | Identified the +1 scale mail of Zafoxkut {rF+++ Str-4
                  | Dex+5}
  4561 | D:5      | Noticed Menkaure
  4573 | D:5      | Killed Menkaure
  4574 | D:5      | Gained mutation: You have razor-sharp teeth. [Vine Stalker
                  | growth]
  4574 | D:5      | Reached XP level 8. HP: 39/39 MP: 9/9
  4592 | D:5      | Noticed Pikel
  4597 | D:5      | Noticed Sigmund
  4794 | D:5      | Killed Sigmund
  5048 | D:5      | Killed Pikel
  5156 | D:5      | Reached XP level 9. HP: 43/43 MP: 10/10
  5216 | D:5      | Noticed Prince Ribbit
  5225 | D:5      | Killed Prince Ribbit
  5941 | D:6      | Noticed Blork the orc
  5969 | D:6      | Killed Blork the orc
  6056 | D:6      | Identified the +5 dagger of the Onslaught {vorpal, rN+}
  6088 | D:6      | Found a hazy altar of Hepliaklqana.
  6444 | D:5      | Killed kalagan's ghost
  6445 | D:5      | Reached skill level 5 in Armour
  6829 | D:7      | Reached skill level 5 in Throwing
  6848 | D:7      | Reached XP level 10. HP: 48/49 MP: 11/11
  7234 | D:8      | Upgraded the game from 0.29.1-1-gd02db6906a to
                  | 0.29.1-2-gbd0b4ee654
  7254 | D:8      | Found a sand-covered staircase.
  7270 | Ossuary  | Entered an ossuary
  7774 | D:8      | Noticed Erica
  7795 | D:8      | Killed Erica
  7874 | D:8      | Reached XP level 11. HP: 54/54 MP: 12/12
  7931 | D:8      | Reached skill level 5 in Dodging
  8311 | D:8      | HP: 2/54 [poisoned by a kobold brigand (curare-tipped
                  | dart)]
  8316 | D:8      | HP: 2/54 [poisoned by a kobold brigand (curare-tipped
                  | dart)]
  8395 | D:9      | Found a flagged portal.
  8434 | Bailey   | Entered a bailey
  8669 | Bailey   | Noticed an orc knight
  8690 | Bailey   | Slain by an orc warrior

Illustrated notes

Levels and vault maps discovered:
D:1:      lightli_arrival_chessboard, layout_loops_corners,
          shapermc_ecumenical_altar_mp_vishouse
D:2:      layout_loops_ring, uniq_jessica
D:3:      layout_loops_ring, ebering_ghost_sewer_f
D:4:      layout_layer_cave, temple_doors_e
D:5:      layout_loops_cross, biasface_ghost_orc_armoury, uniq_menkaure,
          uniq_sigmund, uniq_prince_ribbit1, uniq_pikel, uniq_eustachio
D:6:      layout_gridville, mainiacjoe_overflow_alcove_1, uniq_blork_the_orc
D:7:      layout_rooms, minmay_misc_feat_rows
D:8:      layout_basic, lightli_ossuary_entry_decrepit_ruins,
          minmay_small_thing, uniq_erica
D:9:      kennysheep_big_flooded_room, layout_basic, enter_bailey_3,
          serial_shops, nicolae_diamond_shop, uniq_psyche
Temple:   mainiacjoe_temple_archimedes_tessellation
Bailey:   bailey_polearm_5, bailey

Skill      XL: |  1  2  3  4  5  6  7  8  9 10 11 |
---------------+----------------------------------+-----
Stealth        | 5 6 7 8 |  8.2
Dodging        | 1 2 3 4 5 |  5.1
Short Blades   | 2 3 4 5 6 7 8 |  8.6
Armour         | 1 3 5 6 7 |  7.2
Fighting       | 2 3 4 |  4.6
Throwing       | 3 5 6 |  6.0

Action                   |  1- 3 |  4- 6 |  7- 9 | 10-12 || total
-------------------------+-------+-------+-------+-------++-------
Melee: Dagger            |    38 |   149 |   383 |   258 ||   828
       Bite              |     5 |    39 |   115 |    86 ||   245
       Punch             |       |     1 |     6 |     2 ||     9
Throw: Dart              |     1 |       |    55 |    82 ||   138
       Throwing net      |       |       |     1 |       ||     1
Evoke: Wand              |       |     2 |     4 |       ||     6
  Use: Potion            |       |     5 |     2 |     3 ||    10
       Scroll            |       |     3 |    14 |     5 ||    22
 Stab: Sleeping          |     9 |    12 |     1 |     5 ||    27
       Invisible         |       |       |       |     6 ||     6
Armor: Robe              |     1 |    11 |       |       ||    12
       Ring mail         |       |       |    88 |    45 ||   133
Dodge: Dodged            |    12 |    54 |   135 |   114 ||   315
Block: Other             |       |    28 |    69 |    46 ||   143
       Reflection        |       |     1 |     1 |     3 ||     5
